 Dungeon Sprint DCSS version 0.30.1-11-g7821555f0a (webtiles) character file.

Game seed: 3033612840469134663

11194 DiggyJ the Fencer (level 11, -5/172 HPs)
             Began as a Minotaur Fighter on Jan 9, 2024.
             Was an Initiate of Gozag.
             Slain by a nagaraja
             ... wielding the +3 flail of Tesseifi {distort, Dex+4}
              (9 damage)
             ... in the Dungeon (Sprint VII: "The Pits").
             The game lasted 00:18:03 (1949 turns).

DiggyJ the Fencer (Minotaur Fighter)                Turns: 1949, Time: 00:18:04

Health: -5/172     AC: 28    Str: 18 (19) XL:     11   Next: 46%
Magic:  10/10      EV: -1    Int:  6 (7)  God:    Gozag
Gold:   455        SH:  8    Dex: 17      Spells: 10/10 levels left

rFire   . . .        z - +2 long sword of Moderation {spect, Int+2 SInv}
rCold   . . .        c - +0 buckler
rNeg    . . .        q - melded +2 plate armour {Will+}
rPois   +            (helmet currently unavailable)
rElec   .            B - melded scarf "Ituosemi" {+Inv, rC+ rCorr}
rCorr   .            w - melded +0 pair of gloves
SInv    +            C - melded +0 pair of boots {Stlth+}
Will    .....        (no amulet)
Stlth   ++++         s - +3 ring of protection
HPRegen 0.48/turn    t - +3 ring of dexterity
MPRegen 0.12/turn

%: no teleportation
@: mighty, tree-form, untranslocatable, constricted
A: stationary, stasis, torment immunity, boosted hp, (horns 2), (retaliatory
headbutt), deterioration 2, weak 1
a: Renounce Religion, Potion Petition, Call Merchant, Bribe Branch


You were in the Dungeon.
You worshipped Gozag.
Gozag was aware of your devotion.
You were a tree.
You visited 1 branch You collected 5985 gold pieces.
You spent 1474 gold pieces at shops.
You paid 4056 gold pieces to Gozag.

Inventory:

Hand Weapons
 a - a +0 long sword
 k - a +2 falchion
 p - a +0 long sword of flaming
 x - a +2 rapier of electrocution
 y - a +2 scimitar of flaming
 z - the +2 long sword of Moderation (weapon) {spect, Int+2 SInv}
   (You bought it in a shop in the Dungeon)

   Int:       It affects your intelligence (+2).
   SInv:      It lets you see invisible.
Armour
 b - a +0 scale mail
 c - a +0 buckler (worn)
 q - a +2 plate armour of willpower (melded)
 w - a +0 pair of gloves (melded)
 A - a +1 robe of the Archmagi
 B - the scarf "Ituosemi" (melded) {+Inv, rC+ rCorr}
   (You bought it in a shop in the Dungeon)

   rC:        It protects you from cold.
   rCorr:     It protects you from acid and corrosion.
 C - a +0 pair of boots of stealth (melded)
Jewellery
 s - a +3 ring of protection (left branch)
 t - a +3 ring of dexterity (right branch)
 G - a ring of fire
 H - a ring of protection from fire
 J - a ring of fire
Wands
 r - a wand of flame (14)
 D - a wand of charming (16)
Scrolls
 j - 2 scrolls of blinking
 m - 5 scrolls of amnesia
 n - a scroll of summoning
 o - 2 scrolls of vulnerability
 F - 2 scrolls of magic mapping
 K - a scroll of immolation
 L - 2 scrolls of fog
 M - 2 scrolls of fear
 N - 2 scrolls of enchant weapon
Potions
 d - 2 potions of might
 e - 9 potions of curing
 f - a potion of attraction
 g - 4 potions of haste
 h - 4 potions of magic
 i - 2 potions of berserk rage
 l - 2 potions of invisibility
 v - a potion of resistance
 I - 2 potions of brilliance


   Skills:
 + Level 16.3 Fighting
 + Level 17.7 Long Blades
 + Level 16.9 Armour
 + Level 4.7 Dodging
 + Level 7.2 Stealth
 + Level 15.4 Shields


You had 10 spell levels left.
You didn't know any spells.
Your spell library contained the following spells:

 Spells                   Type           Power      Damage    Failure   Level
 Ensorcelled Hibernation  Hex/Ice        0%         N/A       63%         2
 Gell's Gravitas          Tloc           0%         N/A       86%         3
 Ozocubu's Armour         Ice            0%         N/A       86%         3
 Teleport Other           Tloc           0%         N/A       86%         3
 Metabolic Englaciation   Hex/Ice        0%         N/A       100%        5
 Dispersal                Tloc           0%         N/A       100%        6


Dungeon Overview and Level Annotations

Branches:
Dungeon (1/1)

Altars:
Ashenzari
Cheibriados
Dithmenos
Elyvilon
Fedhas
Gozag
Hepliaklqana
Kikubaaqudgha
Makhleb
Nemelex Xobeh
Okawaru
Qazlal
Ru
Sif Muna
Trog
Uskayaw
Vehumet
Wu Jian
Xom
Yredelemnul
Zin
The Shining One
Jiyva
Lugonu

Shops:
D ([!=


Innate Abilities, Weirdness & Mutations

You are a tree.
Your roots penetrate the ground, keeping you stationary.
You cannot be teleported.
You are immune to unholy pain and torment.
Your maximum health is greatly increased.
Your equipment is partially melded.
((You have a pair of horns on your head.))
((You reflexively headbutt those who attack you in melee.))
Your body often deteriorates upon taking damage.
You are weak. (Str -2)


Message History

The scarf "Ituosemi" {+Inv, rC+ rCorr} melds into your body.
Your +0 pair of gloves melds into your body.
Your +0 pair of boots of stealth melds into your body.
Your +2 plate armour of willpower melds into your body.
You feel less stealthy.
You feel less strong-willed.
Your roots penetrate the ground.
You feel sick.
Cornered, the redback turns to fight!
Cornered, the nagaraja turns to fight!
The nagaraja constricts you.
Cornered, the fire dragon turns to fight!
You slice the nagaraja!!
Flame seeps out of the nagaraja.
The nagaraja is heavily wounded.
The nagaraja is engulfed in blazing flames.
Flame seeps out of the nagaraja.
The nagaraja spits poison at you.
The splash of poison hits you but does no damage.
You resist. The nagaraja constricts you.
You closely miss the nagaraja.
The nagaraja is severely wounded.
You feel sick.
The nagaraja is engulfed in blazing flames.
Flame seeps out of the nagaraja.
The nagaraja hits you but does no damage.
Space warps horribly around you!!
* * * LOW HITPOINT WARNING * * *
The nagaraja constricts you.
You barely miss the nagaraja.
The nagaraja is severely wounded.
You feel sick.
You are no longer poisoned.
The nagaraja is engulfed in blazing flames.
Flame seeps out of the nagaraja.
The nagaraja points at you and mumbles some strange words.
You feel more firmly anchored in space. The nagaraja constricts you.
You closely miss the nagaraja.
The nagaraja is severely wounded.
The nagaraja is engulfed in blazing flames.
Flame seeps out of the nagaraja.
The nagaraja hits you with the +3 flail of Tesseifi {distort, Dex+4}!
You die...
Your body crumbles into a pile of gold.

#################### $
#................... $
#...................
#..################. $ #..♣# #.
$ #..#N# $ #. $ #..##D# $#. $
#..# #s# #. $ #..# #H# #.
#..################.
#############...................
#_________.##...................
#_________.###########''########


You could see a fire dragon (inner flame), a nagaraja (fast, inner flame,
catching breath), a harpy (inner flame) and a redback (inner flame).

Vanquished Creatures
  Josephine (D)
  A death yak (D)
  A shadow wraith (D)
  A sea snake (D)
  2 harpies (D)
  A manticore (D)
  An elephant (D)
  A merfolk siren (D)
  Joseph (D)
  A smoke demon (D)
  A rime drake (D)
  A cane toad (D)
  An ice devil (D)
  An efreet (D)
  A guardian mummy (D)
  A troll (D)
  A red devil (D)
  A polar bear (D)
  A hellwing (D)
  3 tyrant leeches (D)
  A hornet (D)
  3 blink frogs (D)
  An air elemental (D)
  A jumping spider (D)
  3 wraiths (D)
  A spriggan (D)
  A vampire (D)
  A fire elemental (D)
  A redback (D)
  A vampire mosquito (D)
  A warg (D)
  2 orc warriors (D)
  A sky beast (D)
  4 wolves (D)
  A necrophage (D)
  A scorpion (D)
  2 gnoll sergeants (D)
  2 small abominations (D)
  A hound (D)
  3 orc priests (D)
  Ijyb (D)
  3 orc wizards (D)
  A hell rat (D)
  2 mummies (D)
  3 adders (D)
  7 gnolls (D)
  A river rat (D)
  A white imp (D)
  6 orcs (D)
  2 bat skeletons (D)
  A bat zombie (D)
  A giant cockroach (D)
  A goblin (D)
  6 jackals (D)
  A kobold (D)
  A ball python skeleton (D)
  A quokka simulacrum (D)
  A quokka zombie (D)
  A rat (D)
96 creatures vanquished.

Vanquished Creatures (others)
  2 spectral weapons (D)
2 creatures vanquished.

Grand Total: 98 creatures vanquished

Notes
Turn   | Place    | Note
-------+----------+-------------------------------------------
     0 | D        | DiggyJ the Minotaur Fighter began the quest for the Orb.
     0 | D        | Reached XP level 1. HP: 19/19 MP: 0/0
    20 | D        | Reached XP level 2. HP: 26/28 MP: 1/1
    25 | D        | Found a bloodstained altar of Trog.
    25 | D        | Found a shimmering blue altar of Sif Muna.
    25 | D        | Found a viscous altar of Jiyva.
    25 | D        | Found a hazy altar of Hepliaklqana.
    25 | D        | Found an opulent altar of Gozag.
    26 | D        | Found a glowing golden altar of the Shining One.
    26 | D        | Found a glowing silver altar of Zin.
    26 | D        | Found a basalt altar of Yredelemnul.
    26 | D        | Found a shimmering altar of Xom.
    26 | D        | Found an ornate altar of the Wu Jian Council.
    26 | D        | Found a sacrificial altar of Ru.
    26 | D        | Found a stormy altar of Qazlal.
    26 | D        | Found an iron altar of Okawaru.
    26 | D        | Found a sparkling altar of Nemelex Xobeh.
    26 | D        | Found a burning altar of Makhleb.
    26 | D        | Found a blossoming altar of Fedhas.
    26 | D        | Found a white marble altar of Elyvilon.
    26 | D        | Found a shadowy altar of Dithmenos.
    26 | D        | Found a snail-covered altar of Cheibriados.
    28 | D        | Found a radiant altar of Vehumet.
    28 | D        | Found a corrupted altar of Lugonu.
    29 | D        | Found a hide-covered altar of Uskayaw.
    29 | D        | Found an ancient bone altar of Kikubaaqudgha.
    29 | D        | Found a broken altar of Ashenzari.
    35 | D        | Became a worshipper of Gozag Ym Sagoz the Greedy
    89 | D        | Reached skill level 5 in Fighting
    89 | D        | Reached skill level 3 in Long Blades
    89 | D        | Reached skill level 5 in Armour
    89 | D        | Reached skill level 5 in Shields
   100 | D        | Reached XP level 3. HP: 20/36 MP: 2/2
   111 | D        | Noticed a scorpion
   118 | D        | Killed a scorpion
   119 | D        | Reached skill level 5 in Long Blades
   119 | D        | Reached skill level 1 in Dodging
   119 | D        | Reached XP level 4. HP: 45/45 MP: 3/3
   204 | D        | Noticed a gnoll sergeant
   204 | D        | Noticed Ijyb
   210 | D        | Noticed a sky beast
   214 | D        | Killed a gnoll sergeant
   215 | D        | Reached skill level 7 in Long Blades
   215 | D        | Reached XP level 5. HP: 45/52 MP: 4/4
   216 | D        | Killed Ijyb
   220 | D        | Killed a sky beast
   221 | D        | Reached skill level 8 in Long Blades
   221 | D        | Reached XP level 6. HP: 51/61 MP: 5/5
   227 | D        | Reached skill level 9 in Long Blades
   286 | D        | Noticed a warg
   291 | D        | Killed a warg
   292 | D        | Reached skill level 10 in Long Blades
   295 | D        | Noticed a vampire mosquito
   308 | D        | Killed a vampire mosquito
   309 | D        | Reached XP level 7. HP: 26/70 MP: 6/6
   312 | D        | Noticed a cane toad
   312 | D        | Noticed a smoke demon
   321 | D        | Killed a cane toad
   322 | D        | Reached skill level 12 in Long Blades
   322 | D        | Reached skill level 10 in Armour
   330 | D        | Killed a smoke demon
   331 | D        | Reached skill level 10 in Fighting
   331 | D        | Reached XP level 8. HP: 19/79 MP: 7/7
   408 | D        | Reached skill level 13 in Long Blades
   473 | D        | Bought the +2 long sword of Moderation {spect, Int+2 SInv}
                  | for 545 gold pieces
   544 | D        | Reached skill level 10 in Shields
   564 | D        | Noticed a manticore
   576 | D        | Killed a manticore
   577 | D        | Reached skill level 14 in Long Blades
   577 | D        | Reached skill level 1 in Stealth
   743 | D        | Noticed a tyrant leech
   753 | D        | Killed a tyrant leech
   754 | D        | Reached XP level 9. HP: 60/89 MP: 8/8
   872 | D        | Noticed Josephine
   872 | D        | Noticed a troll
   876 | D        | Killed a troll
   890 | D        | Killed Josephine
   891 | D        | Reached skill level 15 in Long Blades
   927 | D        | Bought a heavily runed scarf for 330 gold pieces
   927 | D        | Identified the scarf "Ituosemi" {+Inv, rC+ rCorr} (You
                  | bought it in a shop in the Dungeon)
   927 | D        | Bought a pair of glowing boots for 247 gold pieces
  1202 | D        | Noticed a tyrant leech
  1210 | D        | Killed a tyrant leech
  1211 | D        | Reached XP level 10. HP: 100/100 MP: 9/9
  1248 | D        | Noticed a sea snake
  1248 | D        | Noticed a merfolk siren
  1255 | D        | Reached skill level 15 in Armour
  1257 | D        | Killed a sea snake
  1265 | D        | Killed a merfolk siren
  1266 | D        | Reached skill level 16 in Long Blades
  1287 | D        | Noticed Joseph
  1298 | D        | Killed Joseph
  1350 | D        | Noticed an elephant
  1359 | D        | Killed an elephant
  1364 | D        | Reached skill level 5 in Stealth
  1411 | D        | Bought a potion of haste for 110 gold pieces
  1411 | D        | Bought 2 potions of heal wounds for 110 gold pieces
  1411 | D        | Bought a potion of mutation for 88 gold pieces
  1411 | D        | Bought a potion of might for 44 gold pieces
  1411 | D        | Gained mutation: Your spells are a little harder to cast,
                  | but a little more powerful. [potion of mutation]
  1412 | D        | Lost mutation: Your spells are a little harder to cast, but
                  | a little more powerful. [potion of mutation]
  1412 | D        | Gained mutation: You are somewhat resistant to further
                  | mutation. [potion of mutation]
  1412 | D        | Gained mutation: Your system is resistant to poisons.
                  | (rPois) [potion of mutation]
  1413 | D        | Lost mutation: You are somewhat resistant to further
                  | mutation. [potion of mutation]
  1413 | D        | Lost mutation: Your system is resistant to poisons. (rPois)
                  | [potion of mutation]
  1413 | D        | Gained mutation: You have supernaturally acute eyesight.
                  | (SInv) [potion of mutation]
  1414 | D        | Lost mutation: You have supernaturally acute eyesight.
                  | (SInv) [potion of mutation]
  1414 | D        | Gained mutation: Your body sometimes deteriorates upon
                  | taking damage. [potion of mutation]
  1414 | D        | Gained mutation: You are weak. (Str -2) [potion of
                  | mutation]
  1414 | D        | Gained mutation: Your body often deteriorates upon taking
                  | damage. [potion of mutation]
  1459 | D        | Noticed a shadow wraith
  1480 | D        | Killed a shadow wraith
  1493 | D        | Reached skill level 15 in Fighting
  1493 | D        | Reached XP level 11. HP: 93/112 MP: 10/10
  1577 | D        | Reached skill level 17 in Long Blades
  1595 | D        | Reached skill level 15 in Shields
  1702 | D        | Got the Cyclopedia of the Crevasse
  1895 | D        | Noticed a death yak
  1896 | D        | Paralysed by an air elemental for 1 turns
  1897 | D        | Noticed a harpy
  1903 | D        | Noticed a harpy
  1907 | D        | Noticed a fire dragon
  1913 | D        | Killed a harpy
  1914 | D        | Noticed a necromancer
  1921 | D        | Killed a death yak
  1924 | D        | Killed a harpy
  1925 | D        | Identified the +3 flail of Tesseifi {distort, Dex+4}
  1925 | D        | Noticed a nagaraja
  1934 | D        | Noticed a harpy
  1947 | D        | HP: 4/172 [nagaraja/the +3 flail of Tesseifi {distort,
                  | Dex+4} (23)]
  1949 | D        | Slain by a nagaraja

Illustrated notes

Levels and vault maps discovered:
D:        pitsprint [storerooms_1, entrance_room_1, metal_vault_6, armoury_2,
          mini_pit_1, grid_room_1, main_hall_1, silver_pit, the_coven_1,
          the_vestibule_1, steel_vault_4, golden_pit, hallway_of_sentries,
          crystal_vault_1, iron_vault_1, final_vault]

Skill      XL: |  1  2  3  4  5  6  7  8  9 10 11 |
---------------+----------------------------------+-----
Fighting       | 4 5 6 7 8 9 10 11 12 15 16 | 16.3
Armour         | 4 5 6 7 8 9 11 13 14 16 | 16.9
Shields        | 4 5 6 7 8 9 10 12 14 15 | 15.4
Long Blades    | 3 5 7 8 10 12 14 15 16 17 | 17.7
Dodging        | 1 2 3 4 |  4.7
Stealth        | 2 3 5 7 |  7.2

Action                     |  1- 3 |  4- 6 |  7- 9 | 10-12 || total
---------------------------+-------+-------+-------+-------++-------
  Melee: Long sword        |     4 |    42 |    95 |   160 ||   301
         Headbutt          |     6 |     7 |    19 |    45 ||    77
         Falchion          |    20 |     4 |       |       ||    24
         Scimitar          |       |       |     8 |       ||     8
 Invoke: Call Merchant     |       |       |     2 |     2 ||     4
         Potion Petition   |       |       |       |     1 ||     1
    Use: Potion            |     1 |     3 |     5 |    14 ||    23
         Scroll            |       |       |       |     3 ||     3
   Stab: Distracted        |       |       |     4 |     8 ||    12
 Armour: Scale mail        |    10 |     2 |       |       ||    12
         Plate armour      |       |    47 |    70 |    68 ||   185
         Skin              |       |       |       |     2 ||     2
  Dodge: Dodged            |    21 |    25 |    40 |    29 ||   115
  Block: Buckler           |     9 |    22 |    46 |    32 ||   109
